 Dungeon Crawl Stone Soup version 0.20.1-1-g8b1a95d (webtiles) character file.

112 corax the Sneak (level 4, 0/23 HPs)
             Began as a Spriggan Assassin on Aug 26, 2017.
             Succumbed to an adder's poison
             ... on level 2 of the Dungeon.
             The game lasted 00:10:00 (1894 turns).

corax the Sneak (Spriggan Assassin)                 Turns: 1894, Time: 00:10:01

Health: 0/23       AC:  3    Str:  7    XL:     4   Next: 64%
Magic:  5/5        EV: 19    Int: 12    God:
Gold:   13         SH:  0    Dex: 18    Spells: 3/3 levels left

rFire    . . .     SeeInvis +   a - +2 dagger
rCold    . . .     Gourm    .   (shield restricted)
rNeg     . . .     Faith    .   c - +0 robe
rPois    .         Spirit   .   (helmet restricted)
rElec    .         Reflect  .   d - +0 cloak
rCorr    .         Harm     .   (gloves unavailable)
MR       .....                  (boots unavailable)
Stlth    ++++......             (no amulet)
Regen    0.1/turn               (no ring)
MPRegen  0.1/turn               (no ring)

@: lethally poisoned (0 -> -4), berserk cooldown, slowed, quick
A: unfitting armour, see invisible, herbivore 3, speed 3, slow metabolism 2
a: no special abilities


You were on level 2 of the Dungeon.
You were not hungry.

You visited 1 branch of the dungeon, and saw 4 of its levels.

You collected 13 gold pieces.

Inventory:

Hand Weapons
 a - a +2 dagger (weapon)
 b - a +0 hunting sling
 n - a +0 blowgun
 q - a +1 falchion of holy wrath
Missiles
 e - 5 poisoned needles
 f - 2 curare-tipped needles
 h - 45 stones (quivered)
 k - 49 sling bullets
Armour
 c - a +0 robe (worn)
 d - a +0 cloak (worn)
Scrolls
 i - 2 scrolls of teleportation {unknown}
 j - 2 scrolls of remove curse {unknown}
 l - 4 scrolls of identify {unknown}
 m - a scroll of enchant armour {unknown}
 o - a scroll of random uselessness {unknown}
 p - 2 scrolls of recharging {unknown}
Comestibles
 g - 2 bread rations


   Skills:
 + Level 2.2 Fighting
 + Level 2.9 Short Blades
 + Level 0.2(1.8) Slings
 - Level 2.4 Throwing
 + Level 3.4 Dodging
 + Level 7.0 Stealth


You had 3 spell levels left.
You didn't know any spells.

Dungeon Overview and Level Annotations

Branches:
Dungeon (4/15)
 Temple: D:4-7

Altars:
Cheibriados
Gozag


Innate Abilities, Weirdness & Mutations

You are very small and have problems with some larger weapons.
You are too small for most types of armour.
You have supernaturally acute eyesight. (SInv)
You are a herbivore.
You cover ground extremely quickly.
You need consume almost no food.


Message History

You are no longer berserk.
You are exhausted.
You feel yourself slow down.
* * * LOW HITPOINT WARNING * * *
You feel sick.
You see here a gold piece.
Found a gold piece.
* * * LOW HITPOINT WARNING * * *
You feel sick.
Found 2 gold pieces.
You see here a gold piece.
Found an opulent altar of Gozag.
* * * LOW HITPOINT WARNING * * *
You feel sick.
You see here a gold piece.
* * * LOW HITPOINT WARNING * * *
You feel sick.
You see here a gold piece.
You see here a gold piece.
You die...

#.# ##>....... #
#)# #.####### # .
#.# #.# # .. #†#
#.# # ... #(# #..
....###(####### ###
#.....(.......#####
..............#.$8#
#(.#...$.$.$.$.$@_#
#....#.(......#.$8#
#.#####.#.#########
# ...#.# ....(..#
#.####### #


There were no monsters in sight!

Vanquished Creatures
  Terence (D:3)
  4 adders
  A dart slug (D:1)
  A leopard gecko (D:3)
  5 orcs (D:3)
  5 giant cockroaches
  7 goblins (D:1)
  5 hobgoblins
  4 bats (D:1)
  2 frilled lizards
  5 kobolds
  5 rats
45 creatures vanquished.

Notes
Turn   | Place    | Note
-------+----------+-------------------------------------------
     0 | D:1      | corax the Spriggan Assassin began the quest for the Orb.
     0 | D:1      | Reached XP level 1. HP: 10/10 MP: 2/2
    18 | D:1      | Reached skill level 6 in Stealth
   396 | D:1      | Reached XP level 2. HP: 11/14 MP: 3/3
   858 | D:1      | Reached XP level 3. HP: 5/18 MP: 4/4
  1298 | D:3      | Noticed Terence
  1331 | D:3      | Killed Terence
  1352 | D:3      | Reached XP level 4. HP: 13/23 MP: 5/5
  1635 | D:2      | Reached skill level 7 in Stealth
  1837 | D:2      | Found a snail-covered altar of Cheibriados.
  1888 | D:2      | Found an opulent altar of Gozag.
  1891 | D:2      | HP: 1/23 [poisoned by an adder]
  1894 | D:2      | Succumbed to an adder's poison

Skill      XL: |  1  2  3  4 |
---------------+-------------+-----
Stealth        | 6 7 |  7.0
Dodging        | 2 3 |  3.4
Fighting       | 2 |  2.2
Short Blades   | |  2.9
Slings         | |  0.2
Throwing       | |  2.4

Action                   |  1- 3 |  4- 6 || total
-------------------------+-------+-------++-------
Melee: Dagger            |    81 |     4 ||    85
 Fire: Blowgun           |     9 |     6 ||    15
       Hunting sling     |    26 |    61 ||    87
  Use: Potion            |       |     1 ||     1
 Stab: Sleeping          |     9 |       ||     9
Armor: Robe              |    15 |     2 ||    17
Dodge: Dodged            |    58 |    40 ||    98
